 Dungeon Crawl Stone Soup version 0.31-a0-37-g98a128e1d9 (webtiles) character file.

Game seed: 10645680914929328692

53 Elsrick the Cutter (level 3, -1/31 HPs)
             Began as a Gnoll Wanderer on May 16, 2023.
             Killed from afar by an orc wizard (9 damage)
             ... with a magic dart
             ... on level 3 of the Dungeon.
             The game lasted 00:04:03 (1426 turns).

Elsrick the Cutter (Gnoll Wanderer)                 Turns: 1426, Time: 00:04:03

Health: -1/31      AC:  2    Str: 12    XL:     3   Next: 87%
Magic:  0/7        EV: 11    Int: 12    God:
Gold:   98         SH:  0    Dex: 11    Spells: 6/7 levels left

rFire   . . .        a - +3 short sword
rCold   . . .        (no shield)
rNeg    . . .        c - +0 robe
rPois   .            (no helmet)
rElec   .            (no cloak)
rCorr   .            (no gloves)
SInv    .            (no boots)
Will    .....        d - amulet of guardian spirit
Stlth   +            m - +4 ring of slaying
HPRegen 0.25/turn    (no ring)
MPRegen 0.10/turn

%: guardian spirit
@: no status effects
A: fangs 1, strong nose, distributed training
a: no special abilities


You were on level 3 of the Dungeon.
You visited 1 branch of the dungeon, and saw 3 of its levels.

You collected 98 gold pieces.

Inventory:

Hand Weapons
 a - a +3 short sword (weapon)
 g - a +1 dagger of freezing
Armour
 c - a +0 robe (worn)
Jewellery
 d - an amulet of guardian spirit (around neck)
 m - a +4 ring of slaying (left hand)
 r - an amulet of faith
Scrolls
 b - a scroll of fog
 h - 2 scrolls of identify {unknown}
 j - a scroll of teleportation {unknown}
 l - a scroll of poison {unknown}
 p - 2 scrolls of immolation {unknown}
 q - a scroll of enchant armour {unknown}
Potions
 e - 2 potions of degeneration {unknown}
 f - a potion of brilliance {unknown}
 i - a potion of heal wounds {unknown}
 k - a potion of berserk rage {unknown}
 n - a potion of attraction {unknown}
 o - 2 potions of curing {unknown}
 s - a potion of might {unknown}


   Skills:
 + Level 4.6 Fighting
 + Level 6.5 Short Blades
 + Level 1.0 Long Blades
 + Level 1.0 Axes
 + Level 1.0 Maces & Flails
 + Level 1.0 Polearms
 + Level 1.0 Staves
 + Level 1.0 Ranged Weapons
 + Level 1.0 Throwing
 + Level 4.6 Armour
 + Level 1.0 Dodging
 + Level 1.0 Stealth
 + Level 1.0 Shields
 + Level 1.0 Unarmed Combat
 + Level 2.9 Spellcasting
 + Level 0.7 Conjurations
 + Level 0.7 Hexes
 + Level 3.8 Summonings
 + Level 0.7 Necromancy
 + Level 0.7 Translocations
 + Level 0.7 Transmutations
 + Level 0.7 Fire Magic
 + Level 0.7 Ice Magic
 + Level 0.7 Air Magic
 + Level 0.7 Earth Magic
 + Level 0.7 Poison Magic
 + Level 1.1 Invocations
 + Level 1.0 Evocations


You had 6 spell levels left.
You knew the following spells:

 Your Spells              Type           Power      Damage    Failure   Level
a - Summon Small Mammal   Summ           40%        N/A       5%          1

Your spell library contained the following spells:

 Spells                   Type           Power      Damage    Failure   Level
 Call Canine Familiar     Summ           10%        N/A       16%         3


Dungeon Overview and Level Annotations

Branches:
Dungeon (3/15)

Altars:


Innate Abilities, Weirdness & Mutations

You have very sharp teeth.
Your uncanny sense of smell can sniff out nearby items.
Your experience applies equally to all skills.


Message History

Your rat's corpse disappears in a puff of smoke!
The orc hits your rat with a +0 dagger.
Your rat dies!
Your rat's corpse disappears in a puff of smoke!
Casting: Summon Small Mammal (safe; 5% risk of failure)
Confirm with . or Enter, or press ? or * to list all spells.
You swap places.
Something hits your quokka. Something closely misses your quokka.
Something barely misses your quokka. The orc closely misses your quokka.
The orc hits your quokka with a +0 dagger.
Your quokka dies!
Your quokka's corpse disappears in a puff of smoke!
The orc hits you with a +0 dagger.
You puncture the orc!
You kill the orc!
The orc hits you with a +0 flail. Something hits you.
Things that are here:
a +0 dagger; 2 boomerangs; an orc corpse You closely miss the orc.
The orc hits you with a +0 flail! Something hits you.
You completely miss the orc. You barely miss the orc.
An orc wizard appears from thin air!
Reactivating autopickup.
The orc barely misses you.
The orc wizard points at you and mumbles some strange words.
You resist with significant effort.
You hit the orc.
The orc is almost dead.
The orc closely misses you.
The orc wizard hits you with a +0 dagger.
You hit the orc.
You kill the orc!
The orc wizard hits you with a +0 dagger.
* * * LOW HITPOINT WARNING * * *
You barely miss the orc wizard. You closely miss the orc wizard.
The orc wizard gestures at you while chanting.
The magic dart hits you!
You die...

######....... ######
#....)....... #....#
#............ #....#
#............ #....#
#............ #....#
#..o.......# #....#
######........#... #....#
#o).............#
######....######@#######.#.....#
.......................#.#.#>###
.###############.#####.#.### #
...#<....... #... #.# ∆
##.#.#.##### ##### #.# #.#.# ..
#.# #...# ## #.# #####


You could see an orc wizard.

Vanquished Creatures
  An adder (D:2)
  4 dart slugs
  2 orcs (D:3)
  5 bats (D:2)
  2 endoplasms (D:2)
  A giant cockroach (D:1)
  5 hobgoblins
  2 quokkas
  A ball python (D:1)
  A frilled lizard (D:2)
  6 goblins
  3 rats (D:2)
33 creatures vanquished.

Notes
Turn   | Place    | Note
-------+----------+-------------------------------------------
     0 | D:1      | Elsrick the Gnoll Wanderer began the quest for the Orb.
     0 | D:1      | Elsrick set off with the following items: a +3 short sword,
                  | a scroll of fog, a +0 robe; and the following spell
                  | memorised: Summon Small Mammal; and the following spells
                  | available to memorise: Call Canine Familiar.
     0 | D:1      | Reached XP level 1. HP: 20/20 MP: 4/4
   268 | D:1      | Reached XP level 2. HP: 26/26 MP: 5/5
   913 | D:2      | Reached XP level 3. HP: 31/31 MP: 7/7
  1005 | D:2      | Reached skill level 1 in Invocations
  1134 | D:2      | Reached skill level 1 in Long Blades
  1134 | D:2      | Reached skill level 1 in Axes
  1134 | D:2      | Reached skill level 1 in Maces & Flails
  1134 | D:2      | Reached skill level 1 in Polearms
  1134 | D:2      | Reached skill level 1 in Staves
  1134 | D:2      | Reached skill level 1 in Ranged Weapons
  1134 | D:2      | Reached skill level 1 in Throwing
  1134 | D:2      | Reached skill level 1 in Dodging
  1134 | D:2      | Reached skill level 1 in Stealth
  1134 | D:2      | Reached skill level 1 in Shields
  1134 | D:2      | Reached skill level 1 in Unarmed Combat
  1134 | D:2      | Reached skill level 1 in Evocations
  1426 | D:3      | Killed from afar by an orc wizard

Illustrated notes

Levels and vault maps discovered:
D:1:      evilmike_arrival_home_sweet_home, layout_basic
D:2:      layout_rooms
D:3:      layout_basic, serial_shops, shop

Skill      XL: |  1  2  3 |
---------------+----------+-----
Invocations    | 1 |  1.1
Long Blades    | 1 |  1.0
Axes           | 1 |  1.0
Maces & Flails | 1 |  1.0
Polearms       | 1 |  1.0
Staves         | 1 |  1.0
Ranged Weapons | 1 |  1.0
Throwing       | 1 |  1.0
Dodging        | 1 |  1.0
Stealth        | 1 |  1.0
Shields        | 1 |  1.0
Unarmed Combat | 1 |  1.0
Evocations     | 1 |  1.0
Fighting       | |  4.6
Short Blades   | |  6.5
Armour         | |  4.6
Spellcasting   | |  2.9
Conjurations   | |  0.7
Hexes          | |  0.7
Summonings     | |  3.8
Necromancy     | |  0.7
Translocations | |  0.7
Transmutations | |  0.7
Fire Magic     | |  0.7
Ice Magic      | |  0.7
Air Magic      | |  0.7
Earth Magic    | |  0.7
Poison Magic   | |  0.7

Action                     || total
---------------------------++-------
  Melee: Short sword       ||    90
         Bite              ||     4
   Cast: Summon Small Mamm ||     4
   Stab: Sleeping          ||     1
 Armour: Robe              ||    11
  Dodge: Dodged            ||    45

Table legend: (Time is in decaauts)
 A = Elapsed time spent in this place.
 B = Non-inter-level travel time spent in this place.
 C = Inter-level travel time spent in this place.
 D = Time resting spent in this place.
 E = Time spent auto-exploring this place.
 F = Levels seen in this place.
 G = Mean time per level.
                   A        B        C        D        E       F      G
               +--------+--------+--------+--------+--------+-----+--------+
         Total |   1396 |   1396 |      0 |     75 |    894 |   3 |  465.3 |
       Dungeon |   1396 |   1396 |      0 |     75 |    894 |   3 |  465.3 |
               +--------+--------+--------+--------+--------+-----+--------+

Top non-repeatable levels by time:
     D:1: 816 daAuts
     D:2: 507 daAuts
     D:3: 72 daAuts
